 Dungeon Crawl Stone Soup version 0.31.0-11-ge490571c62 (webtiles) character file.

Game seed: 11433753979791417991

2396 spaghetti the Fighter (level 9, -1/74 HPs)
             Began as a Mummy Berserker on Jan 29, 2024.
             Was a Priest of Trog.
             Slain by a yak (12 damage)
             ... on level 8 of the Dungeon.
             The game lasted 00:10:38 (4774 turns).

spaghetti the Fighter (Mummy Berserker)             Turns: 4774, Time: 00:10:39

Health: -1/74      AC: 10    Str: 22    XL:     9   Next: 22%
Magic:  9/9        EV:  9    Int:  7    God:    Trog [***...]
Gold:   280        SH:  0    Dex: 23    Spells: 8/8 levels left

rFire   + . .        o - +1 whip (venom)
rCold   + . .        (no shield)
rNeg    + + +        i - +2 chain mail of Parlour Games {rF+ Regen+ Dex+4}
rPois   ∞            (no helmet)
rElec   .            (no cloak)
rCorr   .            (no gloves)
SInv    .            (no boots)
Will    +....        d - amulet of regeneration Stlth
                     c - +6 ring of dexterity
HPRegen 1.92/turn    n - ring of protection from fire
MPRegen 0.11/turn

%: faith
@: no status effects
A: cold resistance 1, negative energy resistance 3, torment resistance 2, heat
vulnerability 1, in touch with death 1, no potions, faith
a: Renounce Religion, Trog's Hand


You were on level 8 of the Dungeon.
You worshipped Trog.
Trog was most pleased with you.
You visited 1 branch of the dungeon, and saw 8 of its levels.

You collected 280 gold pieces.

Inventory:

Hand Weapons
 a - a +0 mace
 f - a +2 heavy hand axe
 g - a +2 dagger of venom
 o - a +1 whip of venom (weapon)
Missiles
 p - 2 throwing nets (quivered)
Armour
 b - a +0 animal skin
 i - the +2 chain mail of Parlour Games (worn) {rF+ Regen+ Dex+4}
   (You found it on level 4 of the Dungeon)

   Dex+4:     It affects your dexterity (+4).
   rF+:       It protects you from fire.
   Regen+:    It increases your rate of health regeneration.
Jewellery
 c - a +6 ring of dexterity (left hand)
 d - an amulet of regeneration (around neck)
 l - an amulet of magic regeneration
 m - a ring of fire
 n - a ring of protection from fire (right hand)
Wands
 e - a wand of charming (23)
 j - a wand of digging (6)
Scrolls
 h - a scroll of fog
 k - a scroll of teleportation
 q - a scroll of immolation


   Skills:
 + Level 8.1 Fighting
 - Level 0.5 Short Blades
 - Level 4.1(4.6) Axes
 - Level 2.9(4.0) Maces & Flails
 + Level 6.0 Throwing
 + Level 2.3 Armour
 + Level 2.2 Dodging


You had 8 spell levels left.
You didn't know any spells.
Your spell library was empty.

Dungeon Overview and Level Annotations

Branches:
Dungeon (9/15)
 Temple: D:4-7         Lair: D:8-11         Orc: D:9-12

Altars:
Hepliaklqana
Nemelex Xobeh
Wu Jian

Shops:
D:2 *   D:5 !   D:6 (=:

Annotations:
D:6 1 transporter
D:8 exclusion: door, Pikel


Innate Abilities, Weirdness & Mutations

You are immune to poison.
Your flesh is cold resistant. (rC+)
You are immune to negative energy. (rN+++)
You are immune to unholy pain and torment.
You are vulnerable to heat. (rF-)
You are in touch with the powers of death.
You do not drink.
You have a special connection with the divine. (Faith)


Message History

The yak barely misses you.
You closely miss the lemure.
The lemure is almost dead.
You kill the lemure!
That felt strangely unrewarding.
The yak gores you. Pikel hits you but does no damage.
The yak gores you but does no damage.
You hit the yak.
The yak is poisoned.
The yak is moderately wounded.
The yak completely misses you. The yak barely misses you.
Pikel barely misses you. The yak gores you.
You hit the yak but do no damage.
The yak looks as sick as possible!
The yak is moderately wounded.
The yak gores you. The yak gores you but does no damage.
Pikel closely misses you. The yak closely misses you.
You are too injured to fight recklessly!
You are too injured to fight recklessly!
You are too injured to fight recklessly!
You are too injured to fight recklessly!
You are too injured to fight recklessly!
You are too injured to fight recklessly!
You are too injured to fight recklessly!
You are too injured to fight recklessly!
You are too injured to fight recklessly!
You are too injured to fight recklessly!
You are too injured to fight recklessly!
You are too injured to fight recklessly!
You are too injured to fight recklessly!
You are too injured to fight recklessly!
You are too injured to fight recklessly!
You are too injured to fight recklessly!
You are too injured to fight recklessly!
You are too injured to fight recklessly!
Unknown command.
The yak attacks as it pursues you! The yak gores you but does no damage.
Pikel attacks as he pursues you!
Pikel hits you with a +1 whip of electrocution!
You are electrocuted!!
* * * LOW HITPOINT WARNING * * *
The yak gores you!
You die...

#.# #.# #.# #.# #.#
####### #.#
#.....###.##
#####..Y5..†...#
#.....@YY.##...##
#.###..K..#.....######
#.# #...<.##.Y........
#.#
#########Y#########
##.# #Y# # #..# #.# #
#.## ##+## # #.#
##...## ## #.####
##.....## #.


You could see Pikel, 3 yaks and a lemure.

Vanquished Creatures
  Joseph (D:8)
  2 yaks (D:8)
  2 water moccasins
  An orc warrior (D:8)
  A black bear (D:6)
  An ogre (D:5)
  A centaur (D:5)
  A kobold brigand (D:8)
  A lemure (D:8)
  A bullfrog (D:8)
  4 scorpions
  3 bombardier beetles
  4 howler monkeys (D:8)
  2 orc priests (D:8)
  3 hounds (D:4)
  2 jellies
  A gnoll bouda (D:6)
  2 iguanas
  3 orc wizards (D:8)
  5 adders
  12 gnolls
  A white imp (D:8)
  A ribbon worm (D:4)
  5 dart slugs
  11 orcs
  2 endoplasms
  6 giant cockroaches
  6 goblins
  6 hobgoblins
  4 jackals (D:2)
  10 kobolds
  2 quokkas
  8 ball pythons
  4 bats
  5 frilled lizards
  7 rats
131 creatures vanquished.

Vanquished Creatures (collateral kills)
  2 lemures (D:8)
  2 orcs
4 creatures vanquished.

Grand Total: 135 creatures vanquished

Notes
Turn   | Place    | Note
-------+----------+-------------------------------------------
     0 | D:1      | spaghetti the Mummy Berserker began the quest for the Orb.
     0 | D:1      | Reached XP level 1. HP: 18/18 MP: 1/1
   113 | D:1      | Reached XP level 2. HP: 24/24 MP: 2/2
   422 | D:1      | Reached ** piety under Trog
   554 | D:1      | Found a faded altar of an unknown god.
   610 | D:1      | Reached XP level 3. HP: 24/29 MP: 3/3
  1139 | D:2      | Reached skill level 1 in Throwing
  1441 | D:2      | Found Fethal's General Store.
  1584 | D:3      | Reached XP level 4. HP: 22/37 MP: 4/4
  1590 | D:3      | Reached skill level 4 in Fighting
  1817 | D:3      | Found an ornate altar of the Wu Jian Council.
  1993 | D:3      | Found a hazy altar of Hepliaklqana.
  2339 | D:4      | Noticed a scorpion
  2350 | D:4      | Reached XP level 5. HP: 41/43 MP: 5/5
  2366 | D:4      | Reached *** piety under Trog
  2511 | D:5      | Entered Level 5 of the Dungeon
  2589 | D:4      | Reached XP level 6. HP: 28/50 MP: 6/6
  2592 | D:4      | Identified the +2 chain mail of Parlour Games {rF+ Regen+
                  | Dex+4}
  2632 | D:4      | Reached skill level 5 in Fighting
  2632 | D:4      | Reached skill level 1 in Axes
  3150 | D:5      | Reached XP level 7. HP: 55/56 MP: 7/7
  3241 | D:5      | Found a sparkling altar of Nemelex Xobeh.
  3263 | D:5      | Found Imuenuh's Distillery.
  3751 | D:6      | Reached skill level 6 in Fighting
  3758 | D:6      | Found a transporter.
  3760 | D:6      | Found Jiteiw's Weapon Shop.
  3778 | D:6      | Reached XP level 8. HP: 55/64 MP: 8/8
  3812 | D:6      | Found Naumm's Jewellery Shoppe.
  3853 | D:6      | Found Macisch's Book Shop.
  3855 | D:6      | You fall into a shaft and drop 3 floors!
  3955 | D:8      | Reached **** piety under Trog
  4319 | D:8      | Reached skill level 7 in Fighting
  4319 | D:8      | Reached skill level 5 in Throwing
  4473 | D:8      | Noticed Joseph
  4501 | D:8      | Killed Joseph
  4567 | D:8      | Noticed Pikel
  4591 | D:8      | Reached XP level 9. HP: 29/74 MP: 9/9
  4628 | D:8      | Reached skill level 8 in Fighting
  4774 | D:8      | Slain by a yak

Illustrated notes

Levels and vault maps discovered:
D:1:      psy_arrival_statuary, layout_loops_ring, ebering_ecumenical_altar_webs
D:2:      layout_loops_cross, serial_shops, nicolae_shop_real_fake_doors,
          wad_woods_river_04
D:3:      layout_loops_ring, general_overflow_altar,
          mainiacjoe_overflow_cross_hatched
D:4:      minmay_wonky_spiral, layout_rooms
D:5:      layout_cave_pods, nemelex_xobeh_ov_fountains_minmay, serial_shops,
          shop, grunt_decor_fettered, minmay_misc_feat_diagonals
D:6:      layout_basic, mainiacjoe_overflow_alcove_2, minitemple,
          minmay_temple_entry_stoned_glass, serial_shops,
          nicolae_shop_drivethru, shop, shop_fountains, shop, shop,
          mainiacjoe_ossuary_entry_dusty_tomb, nicolae_zig_zag_zippers
D:8:      layout_loops_corners, corexii_leaking_fountain,
          minmay_misc_feat_nine_boxes, uniq_pikel, uniq_joseph
D:9:      layout_rooms, hex_tiny, kennysheep_windowed_goal

Skill      XL: |  1  2  3  4  5  6  7  8  9 |
---------------+----------------------------+-----
Throwing       | 1 2 3 4 5 6 |  6.0
Fighting       | 4 5 6 7 8 |  8.1
Axes           | 2 4 |  4.1
Armour         | 2 |  2.3
Dodging        | 2 |  2.2
Short Blades   | |  0.5
Maces & Flails | |  2.9

Action                     |  1- 3 |  4- 6 |  7- 9 || total
---------------------------+-------+-------+-------++-------
  Melee: Mace              |   129 |    75 |       ||   204
         Punch             |     2 |     1 |     7 ||    10
         Dagger            |       |    21 |       ||    21
         Hand axe          |       |    40 |    53 ||    93
         Whip              |       |       |   162 ||   162
  Throw: Dart              |     4 |       |       ||     4
 Invoke: Trog's Hand       |     3 |     4 |     4 ||    11
         Brothers in Arms  |       |       |     1 ||     1
  Evoke: Wand              |       |     2 |     1 ||     3
    Use: Scroll            |     1 |     4 |     1 ||     6
   Stab: Sleeping          |     1 |     3 |       ||     4
 Armour: Animal skin       |    94 |    72 |       ||   166
         Chain mail        |       |    31 |   291 ||   322
  Dodge: Dodged            |   101 |    93 |   135 ||   329
